 Dungeon Crawl Stone Soup version 0.27-a0-1186-g8b4daa1eef (webtiles) character file.

Game seed: 4361216645477385780

302 PewDiePie the Poker (level 6, 0/49 HPs)
             Began as a Merfolk Berserker on May 19, 2021.
             Was a Believer of Trog.
             Slain by a gnoll
             ... wielding a +0 halberd
              (6 damage)
             ... on level 4 of the Dungeon.
             The game lasted 00:05:31 (6708 turns).

PewDiePie the Poker (Merfolk Berserker)             Turns: 6708, Time: 00:05:32

Health: 0/49       AC: 10    Str: 20    XL:     6   Next: 37%
Magic:  6/6        EV:  6    Int:  8    God:    Trog [**....]
Gold:   214        SH:  0    Dex: 11    Spells: 5/5 levels left

rFire    . . .     SeeInvis .   a - +0 spear
rCold    . . .     Faith    .   (no shield)
rNeg     . . .     Spirit   .   i - +0 plate armour
rPois    .         Reflect  .   (no helmet)
rElec    .         Harm     .   (no cloak)
rCorr    .         Rampage  .   (no gloves)
Will     .....                  (no boots)
Stlth    ..........             (no amulet)
HPRegen  0.16/turn              (no ring)
MPRegen  0.10/turn              (no ring)

@: on berserk cooldown, slowed, very slow
A: (nimble swimmer 2), mertail, clever 1, clumsy 1
a: Renounce Religion, Berserk, Trog's Hand


You were on level 4 of the Dungeon.
You worshipped Trog.
Trog was pleased with you.
You visited 1 branch of the dungeon, and saw 4 of its levels.

You collected 214 gold pieces.

Inventory:

Hand Weapons
 a - a +0 spear (weapon)
 d - a +0 dagger
Missiles
 j - a throwing net
Armour
 b - a +0 animal skin
 i - a +0 plate armour (worn)
Scrolls
 c - 2 scrolls of immolation {unknown}
 e - a scroll of enchant armour {unknown}
 h - 2 scrolls of identify {unknown}
 m - a scroll of summoning {unknown}
 n - a scroll of amnesia {unknown}
 p - a scroll of teleportation {unknown}
Potions
 g - 2 potions of lignification {unknown}
 k - 2 potions of might {unknown}
 l - a potion of haste {unknown}
 o - a potion of attraction {unknown}


   Skills:
 + Level 4.5 Fighting
 + Level 7.4 Polearms
 + Level 2.1 Armour
 + Level 3.9 Dodging
 + Level 1.6 Stealth


You had 5 spell levels left.
You didn't know any spells.
Your spell library contained the following spells:

 Spells                   Type           Power      Damage    Failure   Level
 Animate Dead             Necr           0%         N/A       100%        4
 Borgnjor's Vile Clutch   Necr/Erth      0%         N/A       100%        5
 Death Channel            Necr           0%         N/A       100%        6
 Simulacrum               Ice/Necr       0%         N/A       100%        6


Dungeon Overview and Level Annotations

Branches:
Dungeon (4/15)
 Temple: D:4-7

Altars:


Innate Abilities, Weirdness & Mutations

((You are quick and stealthy near water. (Stealth+, EV+, Speed+++)))
Your lower body shifts to a powerful aquatic tail in water.
Your mind is acute. (Int +2)
You are clumsy. (Dex -2)


Message History

You kill the gnoll!
Trog accepts your kill. The gnoll hits you but does no damage.
The gnoll hits you but does no damage. The gnoll closely misses you.
You see here a +0 halberd.
You puncture the gnoll!
You kill the gnoll!
Trog accepts your kill. The gnoll hits you with a +0 spear!
The gnoll hits you from afar with a +0 halberd!
* * * LOW HITPOINT WARNING * * *
You see here a +0 club.
You feel a strong urge to attack something.
The gnoll hits you with a +0 spear.
* * * LOW HITPOINT WARNING * * *
The gnoll barely misses you.
You see here a +0 halberd.
You hit the gnoll.
The gnoll is moderately wounded.
You hit the gnoll.
The gnoll is severely wounded.
The gnoll barely misses you. x2
You puncture the gnoll!
You kill the gnoll!
Trog accepts your kill. The gnoll hits you with a +0 halberd.
* * * LOW HITPOINT WARNING * * *
Things that are here:
a +0 spear; a gnoll corpse You feel a strong urge to attack something.
You are no longer berserk.
You are exhausted.
You feel yourself slow down. The gnoll hits you with a +0 halberd.
* * * LOW HITPOINT WARNING * * *
You closely miss the gnoll. The gnoll hits you but does no damage.
You closely miss the gnoll. The gnoll hits you but does no damage.
It was a potion of mutation.
You feel extremely strange.
You feel clever.
You feel clumsy. The gnoll hits you with a +0 halberd.
You die...

.....#+##...
#+###+#######...........
#.....g@$...#...........
#......)))..#...........
#..##..##...#...........
# #+# #...#...........
#...#...........
#...#...........
#...#....####...
#...#....#..#...
##...#....#..#...


You could see a gnoll.

Vanquished Creatures
  A necrophage (D:4)
  An iguana (D:4)
  A hound skeleton (D:4)
  4 adders (D:2)
  6 gnolls
  4 dart slugs
  3 orcs
  6 bats
  3 endoplasms
  3 giant cockroaches
  6 hobgoblins
  13 jackals
  5 kobolds
  4 quokkas
  7 ball pythons
  A frilled lizard (D:1)
  A goblin (D:1)
  5 rats
74 creatures vanquished.

Notes
Turn   | Place    | Note
-------+----------+-------------------------------------------
     0 | D:1      | PewDiePie the Merfolk Berserker began the quest for the
                  | Orb.
     0 | D:1      | Reached XP level 1. HP: 18/18 MP: 1/1
   102 | D:1      | Reached XP level 2. HP: 6/24 MP: 2/2
   110 | D:1      | Reached skill level 5 in Polearms
  1336 | D:1      | Reached XP level 3. HP: 28/30 MP: 3/3
  2162 | D:2      | Reached skill level 1 in Stealth
  2967 | D:2      | Reached XP level 4. HP: 37/37 MP: 4/4
  3085 | D:2      | Reached skill level 6 in Polearms
  3602 | D:2      | Reached ** piety under Trog
  3703 | D:2      | Found a faded altar of an unknown god.
  3750 | D:2      | Reached XP level 5. HP: 30/42 MP: 5/5
  5869 | D:4      | Noticed a necrophage
  5890 | D:4      | Killed a necrophage
  5891 | D:4      | Reached skill level 7 in Polearms
  5891 | D:4      | Reached XP level 6. HP: 37/48 MP: 6/6
  6708 | D:4      | Gained mutation: Your mind is acute. (Int +2) [potion of
                  | mutation]
  6708 | D:4      | Gained mutation: You are clumsy. (Dex -2) [potion of
                  | mutation]
  6708 | D:4      | Slain by a gnoll

Illustrated notes

Levels and vault maps discovered:
D:1:      minmay_arrival_wavy_path, layout_basic, minmay_tripent
D:2:      layout_loops_ring, ebering_ecumenical_altar_ruins
D:3:      layout_rooms, minmay_fountain_box, moated_statue, minivault_5
D:4:      layout_gridville

Skill      XL: |  1  2  3  4  5 |
---------------+----------------+-----
Polearms       | 5 6 7 |  7.4
Dodging        | 3 |  3.9
Stealth        | 1 |  1.6
Fighting       | 4 |  4.5
Armour         | 2 |  2.1

Action                   |  1- 3 |  4- 6 || total
-------------------------+-------+-------++-------
Melee: Spear             |   151 |   223 ||   374
Invok: Berserk           |       |     2 ||     2
  Use: Potion            |       |     1 ||     1
 Stab: Sleeping          |     1 |       ||     1
       Distracted        |     1 |       ||     1
Armor: Animal skin       |    48 |     7 ||    55
       Plate armour      |       |   137 ||   137
Dodge: Dodged            |   140 |    96 ||   236

Table legend: (Time is in decaauts)
 A = Elapsed time spent in this place.
 B = Non-inter-level travel time spent in this place.
 C = Inter-level travel time spent in this place.
 D = Time resting spent in this place.
 E = Time spent auto-exploring this place.
 F = Levels seen in this place.
 G = Mean time per level.
                   A        B        C        D        E       F      G
               +--------+--------+--------+--------+--------+-----+--------+
         Total |   6640 |   6640 |      0 |   3402 |   2314 |   4 | 1660.0 |
       Dungeon |   6640 |   6640 |      0 |   3402 |   2314 |   4 | 1660.0 |
               +--------+--------+--------+--------+--------+-----+--------+

Top non-repeatable levels by time:
     D:2: 2145 daAuts
     D:1: 2036 daAuts
     D:3: 1629 daAuts
     D:4: 828 daAuts
